 Dungeon Crawl Stone Soup version 0.27.1-33-g824d729ab1 (webtiles) character file.

Game seed: 193242089271581148

13568 13raion the Cleaver (level 11, -14/107 HPs)
             Began as a Minotaur Berserker on Dec 5, 2021.
             Was an Elder of Trog.
             Killed from afar by a rime drake (24 damage)
             ... with a flash freeze
             ... on level 3 of the Lair of Beasts.
             The game lasted 00:36:41 (8610 turns).

13raion the Cleaver (Minotaur Berserker)            Turns: 8610, Time: 00:36:41

Health: -14/107    AC: 16    Str: 25    XL:     11   Next: 77%
Magic:  10/10      EV:  9    Int:  4    God:    Trog [****..]
Gold:   734        SH: 17    Dex: 10    Spells: 10/10 levels left

rFire    + . .     SeeInvis .   a - +1 hand axe (venom)
rCold    . . .     Faith    .   b - +0 tower shield
rNeg     . . .     Spirit   .   x - +0 plate armour
rPois    .         Reflect  .   (helmet restricted)
rElec    .         Harm     .   (no cloak)
rCorr    .         Rampage  .   (no gloves)
Will     ++...                  j - +0 pair of boots
Stlth    ..........             d - amulet of regeneration
HPRegen  2.27/turn              p - ring of protection from fire
MPRegen  0.12/turn              q - +4 ring of evasion

@: strong-willed, regenerating
A: horns 2, retaliatory headbutt
a: Renounce Religion, Berserk, Trog's Hand, Brothers in Arms


You were on level 3 of the Lair of Beasts.
You worshipped Trog.
Trog was greatly pleased with you.
You visited 2 branches of the dungeon, and saw 12 of its levels.

You collected 734 gold pieces.

Inventory:

Hand Weapons
 a - a +1 hand axe of venom (weapon)
Missiles
 o - 2 throwing nets (quivered)
Armour
 b - a +0 tower shield (worn)
 j - a +0 pair of boots (worn)
 x - a +0 plate armour (worn)
Jewellery
 d - an amulet of regeneration (around neck)
 p - a ring of protection from fire (left hand)
 q - a +4 ring of evasion (right hand)
Wands
 y - a wand of paralysis (5)
 z - a wand of acid (1)
 B - a wand of flame (24)
Scrolls
 v - a scroll of fog
 C - 2 scrolls of brand weapon
Potions
 c - a potion of brilliance
 e - 4 potions of curing
 f - 3 potions of lignification
 g - 2 potions of berserk rage
 h - a potion of haste {unknown}
 i - 3 potions of ambrosia
 k - 2 potions of degeneration {unknown}
 l - 2 potions of magic {unknown}
 m - 4 potions of heal wounds
 n - 3 potions of attraction {unknown}
 s - 2 potions of mutation
 t - 3 potions of resistance {unknown}
 u - 3 potions of flight {unknown}
 w - a potion of might {unknown}


   Skills:
 * Level 13.0 Fighting
 + Level 13.3 Axes
 + Level 10.6 Armour
 - Level 3.4 Dodging
 - Level 1.0 Stealth
 + Level 7.8 Shields


You had 10 spell levels left.
You didn't know any spells.
Your spell library was empty.

Dungeon Overview and Level Annotations

Branches:
Dungeon (9/15)             Temple (0/1) D:7            Lair (3/6) D:9
  Swamp: Lair:2-4    Shoals: Lair:2-4     Snake: Lair:2-4    Spider: Lair:2-4
    Orc: D:9-12

Altars:
Ashenzari
Cheibriados
Dithmenos
Gozag
Hepliaklqana
Uskayaw
The Shining One


Innate Abilities, Weirdness & Mutations

You have a pair of horns on your head.
You reflexively headbutt those who attack you in melee.


Message History

The ten-headed hydra bites your two-headed ogre!
The ten-headed hydra bites your two-headed ogre.
The ten-headed hydra bites your two-headed ogre!
Unknown command.
You hit the ten-headed hydra.
Flame seeps out of the ten-headed hydra.
The ten-headed hydra is almost dead.
Your two-headed ogre hits the ten-headed hydra with a +0 giant spiked club!!!
Trog accepts your kill.
The ten-headed hydra explodes!
The fiery explosion engulfs you! You resist.
The fiery explosion engulfs your two-headed ogre!!!
You kill your two-headed ogre!
Your two-headed ogre's corpse disappears in a puff of smoke!
You hear a howl!
You hear an angry hiss.
You hear a croak.
You hear an angry hiss.
Your Fighting skill increases to level 13!
You are engulfed in blazing flames.
You resist.
* * * LOW HITPOINT WARNING * * *
You're standing in a cloud of flame!
You're standing in a cloud of flame!
You're standing in a cloud of flame!
You're standing in a cloud of flame!
You are engulfed in blazing flames.
You resist.
* * * LOW HITPOINT WARNING * * *
You are engulfed in blazing flames.
You resist.
* * * LOW HITPOINT WARNING * * *
Your skin crawls.
You feel strong-willed.
You are engulfed in blazing flames.
You resist.
* * * LOW HITPOINT WARNING * * *
A rime drake comes into view.
The water moccasin is engulfed in blazing flames.
Flame seeps out of the water moccasin.
The water moccasin bites you but does no damage.
You see here a water moccasin corpse.
The rime drake hisses angrily.
The rime drake breathes ice at you. The flash freeze hits you!!
You die...

.....P.P##....### #..
#...........k##P###....
#........#.............
.........#....#SS..#
.........S####
..P.....###☼§#
....(..S☼○○.§#
..#.##.°†###.# ..
#.#†@#### .. ###...#
#...## ##... .....
####.. ###


You could see a rime drake (catching breath) and a water moccasin (inner flame).

Vanquished Creatures
  A death knight (D:6)
  A two-headed ogre (D:8)
  6 cane toads
  Joseph (D:9)
  2 komodo dragons
  A hornet (D:7)
  Grinder (D:4)
  Sigmund (D:5)
  Eustachio (D:4)
  9 yaks
  A basilisk (Lair:2)
  A steam dragon (D:4)
  Edmund (D:5)
  10 water moccasins
  An acid dragon (D:9)
  Duvessa (D:4)
  4 ice beasts
  The ghost of crabbadon the Sneak, an amateur SpEn of Wu Jian (D:4)
  A hornet zombie (D:6)
  A sky beast (D:6)
  4 black bears
  3 orc warriors
  4 necrophages
  5 wolves (Lair:1)
  2 centaurs
  A kobold brigand (D:9)
  3 phantoms
  Blork the orc (D:4)
  13 bullfrogs
  2 scorpions
  Dowan (D:4)
  A wyvern skeleton (D:6)
  A water moccasin skeleton (D:6)
  14 killer bees
  5 wights
  4 electric eels
  3 howler monkeys (D:8)
  A centaur zombie (D:9)
  The ghost of wpisznazwe the Sneak, a weakling VSDe (D:4)
  3 hounds
  An orc priest (D:9)
  Crazy Yiuf (D:5)
  2 bullfrog skeletons
  A jelly (D:6)
  A centaur skeleton (D:7)
  8 iguanas
  3 orc wizards
  A killer bee zombie (D:8)
  3 howler monkey zombies (D:6)
  4 gnolls
  A howler monkey skeleton (D:7)
  10 adders
  2 shadow imps
  3 white imps
  2 ufetubi
  A worm (D:3)
  3 dart slugs
  The ghost of Descartes the Sneak, a weakling FeDe (D:4)
  19 orcs
  4 ball pythons
  5 endoplasms
  A giant cockroach (D:2)
  9 goblins
  5 hobgoblins
  5 kobolds
  2 quokkas
  6 bats
  3 frilled lizards
  4 rats
229 creatures vanquished.

Vanquished Creatures (collateral kills)
  A hydra (Lair:3)
1 creature vanquished.

Vanquished Creatures (others)
  11 fungi
  15 plants
26 creatures vanquished.

Grand Total: 256 creatures vanquished

Notes
Turn   | Place    | Note
-------+----------+-------------------------------------------
     0 | D:1      | 13raion the Minotaur Berserker began the quest for the Orb.
     0 | D:1      | Reached XP level 1. HP: 19/19 MP: 0/0
   365 | D:1      | Reached XP level 2. HP: 27/27 MP: 1/1
  1816 | D:3      | Found a glowing golden altar of the Shining One.
  1919 | D:3      | Found a hide-covered altar of Uskayaw.
  1925 | D:3      | Reached XP level 3. HP: 33/33 MP: 2/2
  1934 | D:3      | Reached ** piety under Trog
  1950 | D:3      | Reached skill level 5 in Axes
  2006 | D:3      | Reached XP level 4. HP: 37/40 MP: 3/3
  2555 | D:3      | Noticed an ice beast
  2580 | D:3      | Killed an ice beast
  2581 | D:3      | Reached skill level 1 in Stealth
  2581 | D:3      | Reached XP level 5. HP: 47/47 MP: 4/4
  2664 | D:4      | Noticed Duvessa
  2664 | D:4      | Noticed Dowan
  2664 | D:4      | Noticed a phantom
  2672 | D:3      | Killed a phantom
  2673 | D:3      | Reached skill level 5 in Fighting
  2673 | D:3      | Reached XP level 6. HP: 46/56 MP: 5/5
  2712 | D:4      | Noticed Grinder
  2728 | D:4      | Paralysed by Grinder for 4 turns
  2733 | D:4      | Killed Grinder
  2734 | D:4      | Reached XP level 7. HP: 35/63 MP: 6/6
  2749 | D:4      | Killed Duvessa
  2763 | D:4      | Killed Dowan
  2843 | D:4      | Noticed Blork the orc
  2857 | D:4      | Killed Blork the orc
  2968 | D:4      | Noticed Eustachio
  2981 | D:4      | Killed Eustachio
  2984 | D:4      | Noticed a steam dragon
  2992 | D:4      | Killed a steam dragon
  2993 | D:4      | Reached XP level 8. HP: 74/74 MP: 7/7
  3033 | D:4      | Found a runed translucent gate.
  3033 | D:4      | Found a runed translucent gate.
  3033 | D:4      | Found a runed translucent gate.
  3186 | D:4      | Noticed crabbadon's ghost (amateur SpEn)
  3186 | D:4      | Noticed wpisznazwe's ghost (weakling VSDe)
  3187 | D:4      | Noticed Descartes's ghost (weakling FeDe)
  3195 | D:4      | Killed wpisznazwe's ghost
  3199 | D:4      | Killed Descartes's ghost
  3205 | D:4      | Killed crabbadon's ghost
  3352 | D:5      | Entered Level 5 of the Dungeon
  3539 | D:5      | Noticed Edmund
  3549 | D:5      | Killed Edmund
  3550 | D:5      | Reached skill level 10 in Axes
  3595 | D:5      | Reached *** piety under Trog
  3834 | D:5      | Noticed Sigmund
  3840 | D:5      | Killed Sigmund
  3858 | D:5      | Found a runed translucent door.
  3859 | D:5      | Noticed Crazy Yiuf
  4063 | D:5      | Reached XP level 9. HP: 57/85 MP: 8/8
  4224 | D:5      | Killed Crazy Yiuf
  4282 | D:6      | Reached skill level 10 in Fighting
  4506 | D:6      | Reached skill level 5 in Armour
  4592 | D:6      | Noticed a death knight
  4613 | D:6      | Killed a death knight
  4730 | D:6      | Reached XP level 10. HP: 95/95 MP: 9/9
  4759 | D:6      | Identified the +2 dagger of Massacring {flame, Contam
                  | Fragile +Rage rPois}
  5062 | D:6      | Found a shadowy altar of Dithmenos.
  5071 | D:6      | Found a broken altar of Ashenzari.
  5452 | D:7      | Found a snail-covered altar of Cheibriados.
  5519 | D:7      | Paralysed by a hornet for 1 turns
  5526 | D:7      | Paralysed by a hornet for 2 turns
  5529 | D:7      | Reached skill level 1 in Shields
  5672 | D:7      | Found a staircase to the Ecumenical Temple.
  5930 | D:8      | Reached **** piety under Trog
  6103 | D:8      | Noticed a two-headed ogre
  6128 | D:8      | Killed a two-headed ogre
  6256 | D:8      | Found an opulent altar of Gozag.
  6396 | D:8      | Found a hazy altar of Hepliaklqana.
  6843 | D:9      | Found a staircase to the Lair.
  6959 | D:9      | Reached skill level 5 in Shields
  7063 | D:9      | Noticed Joseph
  7073 | D:9      | Killed Joseph
  7074 | D:9      | Reached XP level 11. HP: 104/104 MP: 10/10
  7405 | Lair:1   | Entered Level 1 of the Lair of Beasts
  7643 | Lair:1   | Noticed an eight-headed hydra
  8100 | Lair:2   | Noticed an eight-headed hydra
  8106 | Lair:2   | Reached skill level 10 in Armour
  8425 | Lair:2   | Reached ***** piety under Trog
  8559 | Lair:3   | Noticed a seven-headed hydra
  8604 | Lair:3   | Killed a ten-headed hydra
  8608 | Lair:3   | HP: 4/107 [cloud of flame (5)]
  8610 | Lair:3   | Killed from afar by a rime drake

Illustrated notes

Levels and vault maps discovered:
D:1:      dpeg_arrival_arbitrary_b, layout_loops_corners, serial_rivers,
          chequers_serial_rivers_room_b, chequers_serial_rivers_micro_e,
          chequers_serial_rivers_micro_b, chequers_serial_rivers_marsh,
          wad_floor_pattern_untrapped
D:2:      layout_basic
D:3:      minmay_chambers_of_threes, layout_basic, mainiacjoe_overflow_brackets,
          tso_metal_star
D:4:      layout_basic, gammafunk_ghost_cemetery, serial_bayou_pond_d,
          uniq_grinder, uniq_duvessa, uniq_blork_the_orc, uniq_eustachio
D:5:      layout_loops_ring, uniq_sigmund, uniq_crazy_yiuf_cottage, uniq_edmund
D:6:      layout_basic, mainiacjoe_overflow_swirl, minmay_joined_circles
D:7:      layout_rooms, kennysheep_mini, temple_doors_cd,
          minmay_misc_feat_encased, grunt_ministairs_1, nicolae_sextant,
          hex_medium
D:8:      layout_basic, nzn_hepliaklqana_mist_gate, grunt_gozag_statues
D:9:      cheibrodos_helix_gallery, layout_loops_cross,
          grunt_lair_entry_orc_guard_hut, uniq_joseph
Lair:1:   layout_regular_city, nicolae_quartered_pool_medium
Lair:2:   layout_gridlike, beast_lair_carwin_8, serial_bayou_shore_a
Lair:3:   layout_chaotic_city, minmay_shoals_entry_hut,
          chequers_serial_rivers_small_3, beast_lair_carwin_7,
          minmay_lair_oklob_chamber, grunt_megastairs_1, uniq_nergalle

Skill      XL: |  1  2  3  4  5  6  7  8  9 10 11 |
---------------+----------------------------------+-----
Axes           | 4 5 6 7 9 10 11 12 13 | 13.3
Fighting       | 4 5 6 8 9 11 12 13 | 13.0
Dodging        | 3 |  3.4
Stealth        | 1 |  1.0
Armour         | 3 7 9 10 | 10.6
Shields        | 5 7 |  7.8

Action                   |  1- 3 |  4- 6 |  7- 9 | 10-12 || total
-------------------------+-------+-------+-------+-------++-------
Melee: Hand axe          |    71 |    77 |   290 |   404 ||   842
       Headbutt          |     6 |    15 |    49 |    93 ||   163
Invok: Trog's Hand       |     1 |       |     6 |     5 ||    12
       Berserk           |       |     1 |     6 |     3 ||    10
       Brothers in Arms  |       |       |       |     1 ||     1
  Use: Scroll            |       |       |     5 |    14 ||    19
 Stab: Sleeping          |       |       |     3 |       ||     3
Armor: Animal skin       |    16 |    11 |    12 |       ||    39
       Ring mail         |       |       |    17 |       ||    17
       Plate armour      |       |       |    16 |   199 ||   215
       Chain mail        |       |       |    10 |       ||    10
Dodge: Dodged            |    55 |    64 |    59 |   113 ||   291
Block: Tower shield      |       |       |   109 |   392 ||   501
